 Dungeon Crawl Stone Soup version 0.26-a0-712-ga5a9c9c9d0 (webtiles) character file.

Game seed: 9301897530555339107

480 Gargoyl the Skirmisher (level 7, -3/59 HPs)
             Began as a Gnoll Abyssal Knight on Nov 1, 2020.
             Was a Priest of Lugonu.
             Slain by an ogre
             ... wielding a +0 giant club
              (14 damage)
             ... on level 6 of the Dungeon.
             The game lasted 00:06:37 (3849 turns).

Gargoyl the Skirmisher (Gnoll Abyssal Knight)       Turns: 3849, Time: 00:06:38

Health: -3/59      AC: 13    Str: 14 (16) XL:     7   Next: 12%
Magic:  10/10      EV:  5    Int: 23 (26) God:    Lugonu [***...]
Gold:   235        SH:  9    Dex: 14 (15) Spells: 10/10 levels left

rFire    . . .     SeeInvis .   a - +1 hand axe
rCold    . . .     Faith    .   p - +1 kite shield
rNeg     . . .     Spirit   .   c - +0 chain mail
rPois    .         Reflect  .   (no helmet)
rElec    .         Harm     .   (no cloak)
rCorr    .         Rampage  .   h - +2 pair of gloves
MR       .....                  (no boots)
Stlth    ..........             (no amulet)
HPRegen  0.19/turn              e - +6 ring of intelligence
MPRegen  0.12/turn              i - +6 ring of intelligence

@: brilliant
A: distributed training, fangs 1, strong nose
a: Depart the Abyss, Bend Space, Banish, Renounce Religion


You were on level 6 of the Dungeon.
You worshipped Lugonu.
Lugonu was most pleased with you.
You visited 1 branch of the dungeon, and saw 5 of its levels.
You visited the Abyss 1 time.

You collected 235 gold pieces.

Inventory:

Hand Weapons
 a - a +1 hand axe (weapon)
Missiles
 t - 13 poisoned darts (quivered)
Armour
 c - a +0 chain mail (worn)
 h - a +2 pair of gloves (worn)
 p - a +1 kite shield (worn)
Jewellery
 e - a +6 ring of intelligence (left hand)
 i - a +6 ring of intelligence (right hand)
 q - an uncursed amulet of magic regeneration
Wands
 l - a wand of paralysis (2)
 n - a wand of flame (6)
 s - a wand of acid (8)
Scrolls
 d - 4 scrolls of remove curse
 m - 2 scrolls of identify
Potions
 b - 3 potions of heal wounds
 g - 2 potions of haste


   Skills:
 + Level 6.9 Fighting
 + Level 2.2 Short Blades
 + Level 2.2 Long Blades
 + Level 5.1 Axes
 + Level 2.2 Maces & Flails
 + Level 2.2 Polearms
 + Level 2.2 Staves
 + Level 2.2 Slings
 + Level 2.2 Bows
 + Level 2.2 Crossbows
 + Level 2.2 Throwing
 + Level 5.1 Armour
 + Level 3.4 Dodging
 + Level 2.2 Stealth
 + Level 2.2 Shields
 + Level 2.2 Unarmed Combat
 + Level 2.2 Spellcasting
 + Level 1.8 Conjurations
 + Level 1.8 Hexes
 + Level 1.8 Summonings
 + Level 1.8 Necromancy
 + Level 1.8 Translocations
 + Level 1.8 Transmutations
 + Level 1.8 Fire Magic
 + Level 1.8 Ice Magic
 + Level 1.8 Air Magic
 + Level 1.8 Earth Magic
 + Level 1.8 Poison Magic
 + Level 5.2 Invocations
 + Level 2.2 Evocations


You had 10 spell levels left.
You didn't know any spells.
Your spell library was empty.

Dungeon Overview and Level Annotations

Branches:
Dungeon (4/15)             Temple (0/1) D:4

Altars:
Fedhas
Qazlal


Innate Abilities, Weirdness & Mutations

Your experience applies equally to all skills.
You have very sharp teeth.
Your uncanny sense of smell can sniff out nearby items.


Message History

You slash the ogre!
The ogre is severely wounded.
The ogre barely misses you.
You hit the ogre.
The ogre is almost dead.
The ogre barely misses you.
You completely miss the ogre. You bite the ogre.
The ogre is almost dead.
The ogre hits you with a +0 giant club!!
* * * LOW HITPOINT WARNING * * *
An ice beast comes into view.
The ogre looks more healthy.
Throwing (i - inventory)
t - 14 poisoned darts (quivered)
Press: ? - help, Shift-Dir - straight line, f/p - ogre
Aim: an ogre, wielding a +0 giant club (almost dead)
You throw a poisoned dart. The poisoned dart hits the ogre.
The ogre is poisoned.
The ogre is almost dead.
The ogre hits you with a +0 giant club!
You die...

###### #.....##
.......#############
......(...Y)(.gO@..#
........##########.#
..S.....# #
........# ........#
........# .......##
#.....## ######


You could see an ice beast, an ogre (poisoned) and a gnoll.

Vanquished Creatures
  Grinder (D:3)
  An orc priest (D:4)
  2 orc wizards
  Ijyb (D:2)
  6 adders
  An ooze (D:1)
  A worm (D:3)
  A dart slug (D:2)
  4 leopard geckos
  9 orcs
  3 bats
  4 giant cockroaches
  21 goblins
  8 hobgoblins
  4 jackals (D:2)
  8 kobolds
  4 quokkas
  3 ball pythons
  6 frilled lizards
  17 rats
105 creatures vanquished.

Vanquished Creatures (others)
  9 plants
9 creatures vanquished.

Grand Total: 114 creatures vanquished

Notes
Turn   | Place    | Note
-------+----------+-------------------------------------------
     0 | Abyss:1  | Gargoyl the Gnoll Abyssal Knight began the quest for the
                  | Orb.
     0 | Abyss:1  | Reached XP level 1. HP: 23/23 MP: 3/3
     0 | Abyss:1  | Found a corrupted altar of Lugonu.
    91 | Abyss:1  | Noticed a red very ugly thing
   109 | D:1      | Escaped the Abyss
   544 | D:1      | Reached * piety under Lugonu
   550 | D:1      | Reached XP level 2. HP: 26/29 MP: 5/5
   771 | D:1      | Reached XP level 3. HP: 35/35 MP: 6/6
  1684 | D:2      | Reached skill level 1 in Short Blades
  1684 | D:2      | Reached skill level 1 in Long Blades
  1684 | D:2      | Reached skill level 1 in Maces & Flails
  1684 | D:2      | Reached skill level 1 in Polearms
  1684 | D:2      | Reached skill level 1 in Staves
  1684 | D:2      | Reached skill level 1 in Slings
  1684 | D:2      | Reached skill level 1 in Bows
  1684 | D:2      | Reached skill level 1 in Crossbows
  1684 | D:2      | Reached skill level 1 in Throwing
  1684 | D:2      | Reached skill level 1 in Stealth
  1684 | D:2      | Reached skill level 1 in Shields
  1684 | D:2      | Reached skill level 1 in Unarmed Combat
  1684 | D:2      | Reached skill level 1 in Spellcasting
  1684 | D:2      | Reached skill level 1 in Evocations
  1707 | D:2      | Found a blossoming altar of Fedhas.
  1811 | D:2      | Reached XP level 4. HP: 41/41 MP: 7/7
  1892 | D:2      | Reached ** piety under Lugonu
  2041 | D:2      | Found a faded altar of an unknown god.
  2265 | D:3      | Found a stormy altar of Qazlal.
  2300 | D:3      | Reached skill level 1 in Conjurations
  2300 | D:3      | Reached skill level 1 in Hexes
  2300 | D:3      | Reached skill level 1 in Summonings
  2300 | D:3      | Reached skill level 1 in Necromancy
  2300 | D:3      | Reached skill level 1 in Translocations
  2300 | D:3      | Reached skill level 1 in Transmutations
  2300 | D:3      | Reached skill level 1 in Fire Magic
  2300 | D:3      | Reached skill level 1 in Ice Magic
  2300 | D:3      | Reached skill level 1 in Air Magic
  2300 | D:3      | Reached skill level 1 in Earth Magic
  2300 | D:3      | Reached skill level 1 in Poison Magic
  2331 | D:3      | Reached XP level 5. HP: 47/47 MP: 8/8
  2368 | D:3      | Noticed Ijyb
  2370 | D:3      | Noticed Grinder
  2655 | D:2      | Killed Ijyb
  2731 | D:3      | Killed Grinder
  2731 | D:3      | Reached skill level 5 in Axes
  2731 | D:3      | Reached skill level 5 in Armour
  2731 | D:3      | Reached skill level 5 in Invocations
  2731 | D:3      | Reached XP level 6. HP: 53/53 MP: 9/9
  3535 | D:4      | Found a staircase to the Ecumenical Temple.
  3540 | D:4      | Got an ancient helmet
  3546 | D:4      | Identified the -2 helmet of the Catfish {Str+3} (You found
                  | it on level 4 of the Dungeon)
  3654 | D:4      | Reached XP level 7. HP: 59/59 MP: 10/10
  3655 | D:4      | Reached *** piety under Lugonu
  3773 | D:4      | You fall into a shaft and drop 2 floors!
  3849 | D:6      | Slain by an ogre

Illustrated notes

Levels and vault maps discovered:
D:1:      sevenhm_arrival_forest_fort_small_4, layout_loops_corners,
          hangedman_feature_mirror, minivault_24, chequers_arboretum
D:2:      layout_basic, fedhas_ov_isle_minmay, chequers_ecumenical_altar_simple
D:3:      layout_loops_ring, lemuel_crystal_altar, guppyfry_early_lair_pool,
          uniq_grinder, uniq_ijyb
D:4:      kennysheep_the_goblin_king, layout_gridville, lemuel_doored_altar,
          marbit_many_paths, minmay_temple_entry_mini_moons,
          minmay_ogre_servants
D:6:      layout_rooms, kennysheep_little_box

Skill      XL: |  1  2  3  4  5 |
---------------+----------------+-----
Short Blades   | 1 2 |  2.2
Long Blades    | 1 2 |  2.2
Maces & Flails | 1 2 |  2.2
Polearms       | 1 2 |  2.2
Staves         | 1 2 |  2.2
Slings         | 1 2 |  2.2
Bows           | 1 2 |  2.2
Crossbows      | 1 2 |  2.2
Throwing       | 1 2 |  2.2
Stealth        | 1 2 |  2.2
Shields        | 1 2 |  2.2
Unarmed Combat | 1 2 |  2.2
Spellcasting   | 1 2 |  2.2
Evocations     | 1 2 |  2.2
Conjurations   | 1 |  1.8
Hexes          | 1 |  1.8
Summonings     | 1 |  1.8
Necromancy     | 1 |  1.8
Translocations | 1 |  1.8
Transmutations | 1 |  1.8
Fire Magic     | 1 |  1.8
Ice Magic      | 1 |  1.8
Air Magic      | 1 |  1.8
Earth Magic    | 1 |  1.8
Poison Magic   | 1 |  1.8
Axes           | 5 |  5.1
Armour         | 5 |  5.1
Dodging        | 3 |  3.4
Invocations    | 5 |  5.2
Fighting       | |  6.9

Action                   |  1- 3 |  4- 6 |  7- 9 || total
-------------------------+-------+-------+-------++-------
Melee: Hand axe          |   118 |   175 |    46 ||   339
       Bite              |    14 |    19 |     6 ||    39
       Punch             |       |     1 |       ||     1
Throw: Dart              |       |     3 |     7 ||    10
Invok: Depart the Abyss  |     1 |       |       ||     1
Evoke: Wand              |       |     3 |       ||     3
  Use: Scroll            |     4 |     3 |     1 ||     8
       Potion            |       |       |     3 ||     3
 Stab: Paralysed         |       |    20 |       ||    20
Armor: Chain mail        |    75 |    74 |    19 ||   168
Dodge: Dodged            |    43 |    62 |    11 ||   116
Block: Kite shield       |       |    29 |    24 ||    53

Table legend: (Time is in decaauts)
 A = Elapsed time spent in this place.
 B = Non-inter-level travel time spent in this place.
 C = Inter-level travel time spent in this place.
 D = Time resting spent in this place.
 E = Time spent auto-exploring this place.
 F = Levels seen in this place.
 G = Mean time per level.
                   A        B        C        D        E       F      G
               +--------+--------+--------+--------+--------+-----+--------+
         Total |   3895 |   3779 |    116 |    320 |   2502 |   6 |  649.2 |
       Dungeon |   3786 |   3670 |    116 |    320 |   2429 |   5 |  757.2 |
         Abyss |    109 |    109 |      0 |      0 |     73 |   1 |  109.0 |
               +--------+--------+--------+--------+--------+-----+--------+

Top non-repeatable levels by time:
     D:2: 1306 daAuts
     D:1: 1187 daAuts
     D:3: 961 daAuts
     D:4: 251 daAuts
 Abyss:1: 109 daAuts
     D:6: 79 daAuts
